 Dungeon Crawl Stone Soup version 0.20-a0-1124-g2e29d97 (webtiles) character file.

62 inmateoo the Chucker (level 3, -1/33 HPs)
             Began as a Troll Hunter on May 15, 2017.
             Slain by an ogre
             ... wielding a +0 giant club
              (8 damage)
             ... on level 4 of the Dungeon.
             The game lasted 00:02:38 (634 turns).

inmateoo the Chucker (Troll Hunter)                  Turns: 634, Time: 00:02:39

Health: -1/33      AC:  5    Str: 21    XL:     3   Next: 85%
Magic:  2/2        EV: 10    Int:  7    God:
Gold:   55         SH:  0    Dex: 10    Spells: 2/2 levels left

rFire    . . .     SeeInvis .     - Unarmed
rCold    . . .     Gourm    +   (no shield)
rNeg     . . .     Faith    .   b - +0 robe
rPois    .         Spirit   .   (helmet restricted)
rElec    .         Reflect  .   (no cloak)
rCorr    .         Harm     .   (gloves unavailable)
MR       .....                  (boots unavailable)
Stlth    +.........             (no amulet)
Regen    0.6/turn               (no ring)
MPRegen  0.1/turn               (no ring)

@: no status effects
A: unfitting armour, claws 3, fast metabolism 3, gourmand, regeneration 1,
shaggy fur 1, tough skin 2
a: no special abilities


You were on level 4 of the Dungeon.
You were not hungry.

You visited 1 branch of the dungeon, and saw 4 of its levels.

You collected 55 gold pieces.

Inventory:

Hand Weapons
 a - a +0 short sword
Missiles
 c - 5 large rocks (quivered)
 d - 2 throwing nets
Armour
 b - a +0 robe (worn)
Scrolls
 e - 2 scrolls of magic mapping {unknown}
 j - 5 scrolls of identify {unknown}
Potions
 g - a potion of degeneration {unknown}
 i - 3 potions of curing {unknown}
Comestibles
 f - 2 bread rations
 h - a meat ration


   Skills:
 - Level 1.5 Fighting
 - Level 3.6 Throwing
 - Level 1.5 Dodging
 - Level 0.3 Stealth
 + Level 3.5 Unarmed Combat


You had 2 spell levels left.
You didn't know any spells.

Dungeon Overview and Level Annotations

Branches:
Dungeon (4/15)
 Temple: D:4-7

Altars:
Gozag


Innate Abilities, Weirdness & Mutations

You are too large for most types of armour.
You have claws for hands.
Your metabolism is lightning-fast.
You like to eat raw meat.
Your natural rate of healing is unusually fast.
You are covered in fur. (AC +1)
You have very tough skin. (AC +2)


Message History

The ogre shouts!
Found a stone staircase leading up.
The ogre barely misses you.
Found 2 scrolls labeled GUELIMO TIATSA.
Found a stone staircase leading up.
The ogre hits you with a giant club.
You see here 2 scrolls labeled GUELIMO TIATSA.
Found 5 poisoned needles.
There is a stone staircase leading up here.
You claw the ogre!
The ogre is heavily wounded.
The ogre barely misses you.
You claw the ogre!
The ogre is almost dead.
The ogre hits you with a giant club!!
Ouch! That really hurt!
* * * LOW HITPOINT WARNING * * *
You barely miss the ogre.
The ogre is almost dead.
The ogre hits you with a giant club!
You die...

#.#.# ..# #.#.#### ##..#
#.#....# #... #.####.#
#..# #.# #.# #..# #.# #.#
#..# #.####.####..#
#............#########..#
######.###...O@.........#
#.###..#####.#####.
#.....<# #.# ######.# #.#
#.# #.# #.#####.#####.#
#...?..........
#..<####.####### .......(
..#


You could see an ogre.

Vanquished Creatures
  Robin (D:3)
  An ooze (D:3)
  A worm (D:2)
  A dart slug (D:2)
  2 leopard geckos
  2 giant cockroaches (D:3)
  4 hobgoblins
  A quokka (D:4)
  A frilled lizard (D:3)
  14 goblins
  5 kobolds
  3 rats (D:2)
36 creatures vanquished.

Notes
Turn   | Place    | Note
-------+----------+-------------------------------------------
     0 | D:1      | inmateoo the Troll Hunter began the quest for the Orb.
     0 | D:1      | Reached XP level 1. HP: 19/19 MP: 0/0
    69 | D:1      | Reached skill level 1 in Unarmed Combat
   128 | D:2      | Reached XP level 2. HP: 27/27 MP: 1/1
   333 | D:3      | Noticed Robin
   354 | D:3      | Found an opulent altar of Gozag.
   382 | D:3      | Reached XP level 3. HP: 24/33 MP: 2/2
   419 | D:3      | Killed Robin
   605 | D:4      | Noticed an ogre
   634 | D:4      | Slain by an ogre

Vault maps used:
D:1:      dpeg_arrival_rooms_a
D:2:      first_bread, uniq_natasha
D:3:      grunt_gozag_statues, uniq_robin
D:4:      minmay_temple_entry_poolview

Skill      XL: |  1  2  3 |
---------------+----------+-----
Unarmed Combat | 1 2 3 |  3.5
Fighting       | |  1.5
Throwing       | |  3.6
Dodging        | |  1.5
Stealth        | |  0.3

Action                   || total
-------------------------++-------
Melee: Unarmed           ||   130
  Eat: Chunk             ||     6
Armor: Robe              ||    33
Dodge: Dodged            ||    87
